 Dungeon Crawl Stone Soup version 0.28.0-53-g5a82cb258f (webtiles) character file.

Game seed: 1849397891513605208

775 Infinimo the Cudgeller (level 7, -1/76 HPs)
             Began as an Ogre Gladiator on May 26, 2022.
             Slain by a black bear (2 damage)
             ... on level 5 of the Dungeon.
             The game lasted 00:04:35 (5005 turns).

Infinimo the Cudgeller (Ogre Gladiator)             Turns: 5005, Time: 00:04:35

Health: -1/76      AC:  5    Str: 19    XL:     7   Next: 84%
Magic:  7/7        EV: 10    Int: 11    God:
Gold:   175        SH:  0    Dex: 16    Spells: 6/6 levels left

rFire   . . .      SeeInvis .   l - +0 giant spiked club
rCold   . . .      Faith    .   (shield currently unavailable)
rNeg    . . .      Spirit   .   p - +2 robe {Will+}
rPois   .          Reflect  .   c - +0 hat
rElec   .          Harm     .   (no cloak)
rCorr   .          Rampage  .   (gloves unavailable)
Will    .....                   (boots unavailable)
Stlth   +.........              (no amulet)
HPRegen 0.22/turn               i - +6 ring of dexterity
MPRegen 0.10/turn               (no ring)

@: weak-willed
A: large, unfitting armour, tough skin 1
a: no special abilities


You were on level 5 of the Dungeon.
You visited 1 branch of the dungeon, and saw 5 of its levels.

You collected 175 gold pieces.

Inventory:

Hand Weapons
 l - a +0 giant spiked club (weapon)
Missiles
 d - 2 throwing nets (quivered)
 q - 2 poisoned darts
Armour
 c - a +0 hat (worn)
 p - a +2 robe of willpower (worn)
Jewellery
 i - a +6 ring of dexterity (left hand)
 v - an amulet of reflection
Scrolls
 e - a scroll of holy word
 o - a scroll of teleportation
 s - a scroll of noise
Potions
 a - a potion of berserk rage {unknown}
 b - a potion of haste {unknown}
 f - a potion of flight
 h - a potion of lignification {unknown}
 j - a potion of heal wounds
 k - a potion of might {unknown}
 n - a potion of curing {unknown}
 r - a potion of resistance {unknown}
 t - a potion of degeneration {unknown}


   Skills:
 + Level 6.8 Fighting
 * Level 6.9 Maces & Flails
 - Level 2.0 Throwing
 - Level 2.6 Dodging


You had 6 spell levels left.
You didn't know any spells.
Your spell library was empty.

Dungeon Overview and Level Annotations

Branches:
Dungeon (5/15)
 Temple: D:4-7

Altars:


Innate Abilities, Weirdness & Mutations

You are too large for most types of armour.
You have tough skin. (AC +1)


Message History

As you read the scroll labelled HUQIYNTACOPT, it crumbles to dust.
You hear a loud clanging noise!
It was a scroll of noise.
You hear an angry hiss.
You hear a shout!
As you read the scroll labelled CIHANALURCH, it crumbles to dust.
The air around you briefly surges with heat, but it dissipates.
It was a scroll of immolation.
A black bear comes into view.
The black bear growls angrily.
You hit the black bear but do no damage.
The black bear bites you. The black bear barely misses you.
The black bear claws you.
You bludgeon the black bear!!
The black bear is severely wounded.
The black bear goes berserk!
You completely miss the black bear.
The black bear is severely wounded.
The black bear bites you! The black bear claws you. x2
The black bear bites you.
The black bear claws you but does no damage.
The black bear barely misses you. The black bear bites you!
The black bear misses you. The black bear claws you.
You hit the black bear.
The black bear is almost dead.
The black bear bites you. The black bear barely misses you. x2
The black bear bites you!
* * * LOW HITPOINT WARNING * * *
The black bear claws you.
* * * LOW HITPOINT WARNING * * *
The black bear claws you.
* * * LOW HITPOINT WARNING * * *
Unknown command.
You barely miss the black bear.
The black bear is almost dead.
The black bear bites you!
* * * LOW HITPOINT WARNING * * *
The black bear claws you.
* * * LOW HITPOINT WARNING * * *
The black bear claws you.
You die...

##.###### #####........
##...#.####### .###### ###.
##......# .......##..
#.......# >.......#.#
#.......# ...........####
#.......#
...............#####......#
#...........##..@h....#......
#...........#######....#...##
...........## #.....#..#
#........## #......#...
##........## ##......#..
#..........# ##..##..#
#..........# ..# ..#
#....†..<..# ... #.
#..........#


You could see a black bear (berserk).

Vanquished Creatures
  A necrophage (D:4)
  2 ogres (D:4)
  A phantom (D:5)
  A scorpion (D:5)
  3 hounds (D:4)
  An orc priest (D:4)
  Jessica (D:2)
  3 iguanas
  An orc wizard (D:4)
  A gnoll (D:5)
  3 adders
  A shadow imp (D:5)
  An adder skeleton (D:4)
  2 dart slugs (D:3)
  8 orcs
  9 bats
  6 endoplasms
  3 giant cockroaches
  5 hobgoblins
  7 jackals
  6 quokkas
  3 ball pythons
  6 frilled lizards
  7 goblins
  7 kobolds
  2 rats
91 creatures vanquished.

Notes
Turn   | Place    | Note
-------+----------+-------------------------------------------
     0 | D:1      | Infinimo the Ogre Gladiator began the quest for the Orb.
     0 | D:1      | Reached XP level 1. HP: 22/22 MP: 1/1
   236 | D:1      | Reached XP level 2. HP: 29/31 MP: 2/2
   486 | D:1      | Found a faded altar of an unknown god.
   610 | D:1      | Reached XP level 3. HP: 31/37 MP: 3/3
  1542 | D:2      | Noticed Jessica
  1545 | D:2      | Killed Jessica
  1546 | D:2      | Reached XP level 4. HP: 48/48 MP: 4/4
  2883 | D:4      | Reached XP level 5. HP: 55/55 MP: 5/5
  2966 | D:4      | Noticed a necrophage
  3233 | D:4      | Noticed an ogre
  3243 | D:4      | Killed an ogre
  3244 | D:4      | Reached skill level 5 in Fighting
  3244 | D:4      | Reached skill level 5 in Maces & Flails
  3244 | D:4      | Reached XP level 6. HP: 66/66 MP: 6/6
  3507 | D:4      | Killed a necrophage
  3558 | D:4      | Reached XP level 7. HP: 11/74 MP: 7/7
  4316 | D:5      | Entered Level 5 of the Dungeon
  5005 | D:5      | HP: 1/76 [black bear (6)]
  5005 | D:5      | Slain by a black bear

Illustrated notes

Levels and vault maps discovered:
D:1:      amcnicky_arrival_gap_in_the_tavern_cellar, layout_basic,
          dreamdust_ecumenical_altar_angels_and_demons, minmay_tetromino_i4
D:2:      layout_basic, grunt_decor_clamped, due_unseen_surprise, uniq_jessica
D:3:      layout_basic
D:4:      layout_basic
D:5:      layout_rooms, mainiacjoe_overflow_small_starburst, minivault_26

Skill      XL: |  1  2  3  4  5  6  7 |
---------------+----------------------+-----
Fighting       | 3 4 5 6 |  6.8
Maces & Flails | 3 4 5 6 |  6.9
Throwing       | |  2.0
Dodging        | |  2.6

Action                   |  1- 3 |  4- 6 |  7- 9 || total
-------------------------+-------+-------+-------++-------
Melee: Flail             |   118 |    65 |       ||   183
       Short sword       |       |    35 |       ||    35
       Giant spiked club |       |     7 |    95 ||   102
       Punch             |       |     1 |       ||     1
Throw: Dart              |       |     3 |       ||     3
       Throwing net      |       |     1 |       ||     1
  Use: Scroll            |       |     7 |     4 ||    11
       Potion            |       |       |     1 ||     1
 Stab: Sleeping          |       |     1 |       ||     1
Armor: Robe              |    47 |    39 |    46 ||   132
Dodge: Dodged            |    81 |    59 |    73 ||   213
